 Dungeon Crawl Stone Soup version 0.29-a0-670-g5ff2a30383 (webtiles) character file.

Game seed: 8440002901277640473

61 PentaManta the Shooter (level 3, -9/18 HPs)
             Began as a Spriggan Hunter on June 24, 2022.
             Killed by nerve-wracking pain
             ... invoked by an orc priest
              (13 damage)
             ... on level 2 of the Dungeon.
             The game lasted 00:01:34 (1430 turns).

PentaManta the Shooter (Spriggan Hunter)            Turns: 1430, Time: 00:01:34

Health: -9/18      AC:  4    Str:  7    XL:     3   Next: 83%
Magic:  4/4        EV: 18    Int: 10    God:
Gold:   82         SH:  0    Dex: 20    Spells: 2/2 levels left

rFire   . . .      SeeInvis +   a - +1 shortbow
rCold   . . .      Faith    .   (shield currently unavailable)
rNeg    . . .      Spirit   .   b - +0 robe
rPois   .          Reflect  .   o - +2 hat
rElec   .          Harm     .   (no cloak)
rCorr   .          Rampage  .   (gloves unavailable)
Will    .....                   (boots unavailable)
Stlth   ++........              (no amulet)
HPRegen 0.06/turn               (no ring)
MPRegen 0.09/turn               (no ring)

@: very quick
A: very small, no large weapons, unfitting armour, see invisible, speed 3
a: no special abilities


You were on level 2 of the Dungeon.
You visited 1 branch of the dungeon, and saw 2 of its levels.

You collected 82 gold pieces.

Inventory:

Hand Weapons
 a - a +1 shortbow (weapon)
Missiles
 e - 2 poisoned darts
Armour
 b - a +0 robe (worn)
 o - a +2 hat (worn)
Jewellery
 h - a ring of positive energy
 p - an amulet of reflection
Scrolls
 c - a scroll of immolation
 d - 4 scrolls of identify {unknown}
 f - a scroll of amnesia {unknown}
 g - 2 scrolls of noise {unknown}
 k - 2 scrolls of magic mapping {unknown}
 l - a scroll of fear {unknown}
 n - a scroll of vulnerability {unknown}
Potions
 i - a potion of mutation {unknown}
 j - 2 potions of attraction {unknown}
 m - a potion of degeneration {unknown}


   Skills:
 - Level 1.5 Fighting
 + Level 6.7 Bows
 - Level 2.6 Dodging
 - Level 1.5 Stealth


You had 2 spell levels left.
You didn't know any spells.
Your spell library contained the following spells:

 Spells                   Type           Power      Damage    Failure   Level
 Call Canine Familiar     Summ           0%         N/A       75%         3
 Portal Projectile        Hex/Tloc       0%         N/A       75%         3
 Animate Armour           Summ/Erth      0%         N/A       98%         4
 Leda's Liquefaction      Hex/Erth       0%         N/A       98%         4
 Blade Hands              Tmut           0%         N/A       100%        5
 Iron Shot                Conj/Erth      0%         9d1       100%        6


Dungeon Overview and Level Annotations

Branches:
Dungeon (2/15)

Altars:


Innate Abilities, Weirdness & Mutations

You are very small and have problems with some larger weapons.
You are too small for most types of armour.
You have supernaturally acute eyesight. (SInv)
You cover ground extremely quickly. (Speed+++)


Message History

The orc priest calls upon Beogh to heal the orc.
The orc is healed somewhat.
You shoot an arrow. The arrow hits the orc.
The orc is heavily wounded.
You shoot an arrow. The arrow closely misses the orc.
The arrow closely misses the orc priest.
The orc closely misses you.
You shoot an arrow.
The arrow hits the orc but does no damage.
The orc is heavily wounded.
You shoot an arrow.
The arrow hits the orc but does no damage.
The orc is heavily wounded.
The orc priest closely misses you. The orc barely misses you.
The orc priest invokes the aid of Beogh against you.
Beogh smites you!
Ouch! That really hurt!
* * * LOW HITPOINT WARNING * * *
The orc closely misses you.
Shoot: a) +1 shortbow
Press: ? - help, Q - select action, (/) - cycle Shift-Dir - straight line, f - orc priest, p - orc
Aim: an orc priest, wielding a +0 club and wearing a +0 chain mail (72% to hit)
You shoot an arrow. The arrow hits the orc priest.
The orc priest is lightly wounded.
The orc misses you. The orc priest misses you.
Shoot: a) +1 shortbow
Press: ? - help, Q - select action, (/) - cycle Shift-Dir - straight line, f/p - orc priest
Aim: an orc priest, wielding a +0 club and wearing a +0 chain mail (lightly wounded, 72% to hit)
You shoot an arrow. The arrow hits the orc priest.
The orc priest is lightly wounded.
The orc barely misses you. The orc priest barely misses you.
Shoot: a) +1 shortbow
Press: ? - help, Q - select action, (/) - cycle Shift-Dir - straight line, f/p - orc priest
Aim: an orc priest, wielding a +0 club and wearing a +0 chain mail (lightly wounded, 72% to hit)
You shoot an arrow. The arrow hits the orc priest.
The orc priest is heavily wounded.
The orc priest calls down the wrath of Beogh upon you.
Pain shoots through your body!
Ouch! That really hurt!
You die...

. #####.. # #. .......
..#.####################
.......
..)......>..............
.......
...........############.
....... ...........# #.
....... .......o...# #.
....... .....Bo@..†# #.
....... ...........# #.
....... ...........# #.
...... ...........# #.
.B.................# ##
....................#
....................# .
..................#
###.......#.........#


You could see an orc priest, an orc and a giant cockroach.

Vanquished Creatures
  An adder (D:2)
  2 orcs (D:2)
  2 ball pythons
  2 endoplasms
  A giant cockroach (D:2)
  4 goblins
  3 hobgoblins
  7 jackals
  7 kobolds
  3 quokkas
  5 bats
  A frilled lizard (D:1)
  6 rats
44 creatures vanquished.

Vanquished Creatures (others)
  5 toadstools (D:1)
5 creatures vanquished.

Grand Total: 49 creatures vanquished

Notes
Turn   | Place    | Note
-------+----------+-------------------------------------------
     0 | D:1      | PentaManta the Spriggan Hunter began the quest for the Orb.
     0 | D:1      | Reached XP level 1. HP: 10/10 MP: 2/2
    78 | D:1      | Reached skill level 5 in Bows
   115 | D:1      | Found a faded altar of an unknown god.
   209 | D:1      | Reached XP level 2. HP: 14/14 MP: 3/3
   461 | D:1      | Reached skill level 6 in Bows
   698 | D:2      | Reached XP level 3. HP: 16/18 MP: 4/4
  1430 | D:2      | Killed from afar by an orc priest

Illustrated notes

Levels and vault maps discovered:
D:1:      ldierk_walled_garden, layout_loops_ring,
          ebering_ecumenical_altar_abandoned
D:2:      layout_basic, nicolae_concentric_dashed_squares_wild

Skill      XL: |  1  2 |
---------------+-------+-----
Bows           | 5 6 |  6.7
Fighting       | |  1.5
Dodging        | |  2.6
Stealth        | |  1.5

Action                   || total
-------------------------++-------
 Fire: Shortbow          ||   107
Armor: Robe              ||     2
Dodge: Dodged            ||    27

Table legend: (Time is in decaauts)
 A = Elapsed time spent in this place.
 B = Non-inter-level travel time spent in this place.
 C = Inter-level travel time spent in this place.
 D = Time resting spent in this place.
 E = Time spent auto-exploring this place.
 F = Levels seen in this place.
 G = Mean time per level.
                   A        B        C        D        E       F      G
               +--------+--------+--------+--------+--------+-----+--------+
         Total |    985 |    959 |     26 |      0 |    754 |   2 |  492.5 |
       Dungeon |    985 |    959 |     26 |      0 |    754 |   2 |  492.5 |
               +--------+--------+--------+--------+--------+-----+--------+

Top non-repeatable levels by time:
     D:2: 538 daAuts
     D:1: 447 daAuts
